 Dungeon Crawl Stone Soup version 0.29.0-4-gdea44cf6ec (webtiles) character file.

Game seed: 2839361125209565248

2 qw the Chopper (level 1, -1/12 HPs)
             Began as a Tengu Warper on Aug 28, 2022.
             Slain by a gnoll
             ... wielding a +0 spear
              (6 damage)
             ... on level 1 of the Dungeon.
             The game lasted 00:00:00 (41 turns).

qw the Chopper (Tengu Warper)                         Turns: 41, Time: 00:00:00

Health: -1/12      AC:  3    Str: 11    XL:     1   Next: 40%
Magic:  4/4        EV: 11    Int: 13    God:
Gold:   5          SH:  0    Dex: 13    Spells: 4/4 levels left

rFire   . . .      SeeInvis .   a - +0 hand axe
rCold   . . .      Faith    .   (no shield)
rNeg    . . .      Spirit   .   b - +0 leather armour
rPois   .          Reflect  .   (helmet restricted)
rElec   .          Harm     .   (no cloak)
rCorr   .          Rampage  .   (no gloves)
Will    .....                   (boots unavailable)
Stlth   +.........              (no amulet)
HPRegen 0.04/turn               (no ring)
MPRegen 0.09/turn               (no ring)

@: no status effects
A: beak, talons 3
a: no special abilities


You were on level 1 of the Dungeon.
You visited 1 branch of the dungeon, and saw 1 of its levels.

You collected 5 gold pieces.


Innate Abilities, Weirdness & Mutations

You have a beak for a mouth.
You have claws for feet.


   Skills:
 - Level 2.0 Fighting
 + Level 2.5 Axes
 - Level 1.0 Throwing
 - Level 1.1 Armour
 - Level 2.1 Dodging
 - Level 2.0 Spellcasting
 - Level 2.4 Translocations


You had 4 spell levels left.
You didn't know any spells.
Your spell library contained the following spells:

 Spells                   Type           Power      Damage    Failure   Level
 Blink                    Tloc           14%        N/A       19%         2
 Gell's Gravitas          Tloc           7%         N/A       36%         3
 Lesser Beckoning         Tloc           7%         N/A       36%         3
 Teleport Other           Tloc           7%         N/A       36%         3
 Manifold Assault         Tloc           7%         N/A       98%         5

Inventory:

Hand Weapons
 a - a +0 hand axe (weapon)
Missiles
 d - 6 boomerangs of dispersal (quivered)
Armour
 b - a +0 leather armour (worn)
Scrolls
 c - a scroll of blinking

Dungeon Overview and Level Annotations

Branches:
Dungeon (1/15)

Altars:


Message History

Assign waypoint to what number? (0-9) Waypoint 2 assigned to D:1.
Enter note:
0 ||| PLANNING D:1-11 You see here 6 stones.
You now have 5 gold pieces.
There is a dry fountain here.
Found a dagger. 2 jackals come into view.
The jackal barks!
You hear a shout!
33 ||| Stepping ~*~*~tactically~*~*~ (stealth).
The jackal barks!
Throw: 7 boomerangs (disperse)
Press: ? - help, Q - select action Shift-Dir - straight line, f - jackal You throw a boomerang of dispersal.
The boomerang of dispersal hits the jackal but does no damage.
A gnoll comes into view. It is wielding a +0 spear.
A quokka comes into view.
The gnoll shouts!
The jackal bites you but does no damage.
You hit the jackal.
You kill the jackal!
You barely miss the jackal. The jackal closely misses you. x2
You barely miss the jackal. The jackal barely misses you. The jackal bites you.
You hit the jackal.
The jackal is almost dead.
The jackal closely misses you.
You closely miss the jackal. You claw the jackal.
You kill the jackal!
The gnoll hits you from afar with a +0 spear.
Ouch! That really hurt!
The quokka closely misses you. The gnoll completely misses you.
You closely miss the quokka. You claw the quokka.
The quokka is almost dead.
The quokka bites you but does no damage.
The gnoll hits you from afar with a +0 spear.
Ouch! That really hurt!
You die...

. ###### ###. .... ...
#.. ####.####
#.###.......# .
#.......}....
...#########.##..}...}..
......).....####.......#
.....g.@##### ##..}..##
#.....%r%# ##...##
.........# ####...###
........#######....<....
........#...............
........#..}....}.....}.
........#.....}....#....
........##..}.(.:#####..
##....### ##


You could see a gnoll and a quokka.

Vanquished Creatures
  2 jackals (D:1)
2 creatures vanquished.

Notes
Turn   | Place    | Note
-------+----------+-------------------------------------------
     0 | D:1      | qw the Tengu Warper began the quest for the Orb.
     0 | D:1      | Reached XP level 1. HP: 12/12 MP: 4/4
     0 | D:1      | 0 ||| qw: Version: 0.1-a-89-g26bdef1
     0 | D:1      | 0 ||| qw: Game counter: 1641
     0 | D:1      | 0 ||| qw: Always use a shield: true
     0 | D:1      | 0 ||| qw: God list: Okawaru
     0 | D:1      | 0 ||| qw: Allow faded altars: false
     0 | D:1      | 0 ||| qw: Do Orc after D:15 true
     0 | D:1      | 0 ||| qw: Do second Lair branch before Depths: true
     0 | D:1      | 0 ||| qw: Lair rune preference: random
     0 | D:1      | 0 ||| qw: Plans: Normal
     0 | D:1      | 0 ||| PLANNING D:1-11
    33 | D:1      | 33 ||| Stepping ~*~*~tactically~*~*~ (stealth).
    41 | D:1      | Slain by a gnoll

Levels and vault maps discovered:
D:1:      dpeg_arrival_leaves_temple_mockup, layout_rooms, minmay_tetromino_s4

Action                   || total
-------------------------++-------
Melee: Hand axe          ||     5
       Kick              ||     2
Throw: Boomerang         ||     1
Armor: Leather armour    ||     2
Dodge: Dodged            ||     6

Table legend:
 A = Non-vault XP
 B = Vault XP
 C = Vault XP percentage of total XP
 D = Non-vault monster count
 E = Vault monster count
 F = Vault count percentage of total count
                 A         B        C        D         E       F
            +---------+---------+-------+---------+---------+-------
      Total |       4 |       0 |   0.0 |       2 |       0 |   0.0
            +---------+---------+-------+---------+---------+-------
        D:1 |       4 |       0 |   0.0 |       2 |       0 |   0.0
            +---------+---------+-------+---------+---------+-------
